 Dungeon Crawl Stone Soup version 0.30-a0-782-ge64f9170bb (webtiles) character file.

Game seed: 9432292117114251230

47 Crownlay the Digger (level 3, 0/21 HPs)
             Began as an Octopode Earth Elementalist on Mar 6, 2023.
             Slain by an orc
             ... wielding a +2 whip of electrocution
              (6 damage)
             ... on level 3 of the Dungeon.
             The game lasted 00:02:32 (1706 turns).

Crownlay the Digger (Octopode Earth Elementalist)   Turns: 1706, Time: 00:02:33

Health: 0/21       AC:  1    Str:  7    XL:     3   Next: 70%
Magic:  1/6        EV: 13    Int: 19    God:
Gold:   95         SH:  0    Dex: 12    Spells: 2/6 levels left

rFire   . . .      SeeInvis +    b - +0 dagger (vamp)
rCold   . . .      Faith    +    (no shield)
rNeg    . . .      Spirit   .    (helmet restricted)
rPois   .          Reflect  .    g - amulet of faith
rElec   .          Harm     .    f - ring of see invisible
rCorr   .          Rampage  .    (no ring)
Will    .....                    (no ring)
Stlth   +++                      (no ring)
HPRegen 0.23/turn                (no ring)
MPRegen 0.10/turn                (no ring)
                                 (no ring)
                                 (no ring)

@: very slightly contaminated
A: almost no armour, amphibious, 8 rings, camouflage 1, gelatinous body 1,
(nimble swimmer 1), tentacles
a: no special abilities


You were on level 3 of the Dungeon.
You visited 1 branch of the dungeon, and saw 3 of its levels.

You collected 95 gold pieces.

Inventory:

Hand Weapons
 b - a +0 vampiric dagger (weapon)
Jewellery
 f - a ring of see invisible (left tentacle)
 g - an amulet of faith (around mantle)
Scrolls
 e - a scroll of vulnerability {unknown}
Potions
 a - a potion of magic
 c - 2 potions of curing {unknown}
 d - 2 potions of ambrosia {unknown}


   Skills:
 - Level 2.0 Dodging
 + Level 3.5 Stealth
 - Level 2.0 Spellcasting
 - Level 1.0 Transmutations
 * Level 4.2 Earth Magic


You had 2 spell levels left.
You knew the following spells:

 Your Spells              Type           Power      Damage    Failure   Level
a - Sandblast             Erth           36%        2d10      3%          1
b - Stone Arrow           Conj/Erth      20%        3d8       22%         3

Your spell library contained the following spells:

 Spells                   Type           Power      Damage    Failure   Level
 Passwall                 Tmut/Erth      9%         N/A       9%          2
 Petrify                  Tmut/Erth      11%        N/A       50%         4


Dungeon Overview and Level Annotations

Branches:
Dungeon (3/15)

Altars:


Innate Abilities, Weirdness & Mutations

You cannot wear most types of armour.
You are amphibious.
You can wear up to eight rings at the same time.
Your skin changes colour to match your surroundings (Stealth+).
Your rubbery body absorbs attacks. (AC +1, EV +1)
((You are camouflaged when in or above water. (Stealth+)))
You have tentacles for arms and can constrict up to eight enemies at once.


Message History

An orc is nearby!
The blast of sand misses the orc.
The orc hits you but does no damage.
The blast of sand hits the orc!
You kill the orc!
You can't see any susceptible monsters within range! (Use Z to cast anyway.)
A rat comes into view.
The blast of sand hits the rat!
You kill the rat!
You can't see any susceptible monsters within range! (Use Z to cast anyway.)
An orc comes into view.
It is wielding a +0 club. 2 orcs come into view.
An orc is wielding a +2 whip of electrocution.
You see here a +0 flail.
An adder comes into view.
Found an escape hatch in the floor.
The blast of sand hits the orc.
The orc is severely wounded.
The orc shouts!
The adder hisses angrily.
The orc shouts!
The orc hits you with a +2 whip of electrocution.
The blast of sand hits the orc but does no damage.
The orc is severely wounded.
The orc hits you with a +0 flail! The orc barely misses you. x2
The orc closely misses you.
You are too injured to fight recklessly!
You are too injured to fight recklessly!
The orc attacks as you move away! The orc barely misses you.
You see here a +0 flail.
The orc attacks as you move away!
The orc hits you with a +2 whip of electrocution.
* * * LOW HITPOINT WARNING * * *
Casting: Sandblast (safe; 3% risk of failure)
Confirm with . or Enter, or press ? or * to list all spells.
Aiming: Sandblast (safe; 3% risk of failure)
Press: ? - help, Shift-Dir - straight line, f/p - orc
Aim: an orc, wielding a +2 whip of electrocution and wearing a +0 chain mail (severely wounded, 87% to hit)
You miscast Sandblast.
You are very lightly contaminated with residual magic.
Nothing appears to happen.
The orc hits you with a +2 whip of electrocution.
You die...

###### ....>. ......
......##### .......
†.# ....... #)#
.......##.###
.......Sooo@#
.##.#####.#.# ...#.#
##### #####.# ......
#.# ......###
#.#######.
........#####.†.......
... #<..............
.....#..##.#.........


You could see an adder and 3 orcs.

Vanquished Creatures
  A dart slug (D:3)
  An orc (D:3)
  2 ball pythons (D:1)
  2 bats (D:1)
  2 endoplasms (D:1)
  3 giant cockroaches
  6 goblins
  5 hobgoblins
  3 jackals (D:2)
  4 quokkas
  3 frilled lizards
  5 rats
37 creatures vanquished.

Notes
Turn   | Place    | Note
-------+----------+-------------------------------------------
     0 | D:1      | Crownlay the Octopode Earth Elementalist began the quest
                  | for the Orb.
     0 | D:1      | Reached XP level 1. HP: 11/11 MP: 3/3
   192 | D:1      | Reached XP level 2. HP: 17/17 MP: 3/5
   529 | D:1      | Reached XP level 3. HP: 21/21 MP: 3/6
   533 | D:1      | Learned a level 3 spell: Stone Arrow
   731 | D:1      | Reached skill level 4 in Earth Magic
  1706 | D:3      | Slain by an orc

Illustrated notes

Levels and vault maps discovered:
D:1:      heliophobic_arrival_henge, layout_loops_ring, nrook_mini_vaults
D:2:      layout_loops_ring, wad_floor_pattern_untrapped,
          hangedman_decor_growths
D:3:      layout_loops_cross

Skill      XL: |  1  2  3 |
---------------+----------+-----
Stealth        | 3 |  3.5
Earth Magic    | 4 |  4.2
Dodging        | |  2.0
Spellcasting   | |  2.0
Transmutations | |  1.0

Action                     || total
---------------------------++-------
  Melee: Dagger            ||     2
         Tentacles         ||     1
   Cast: Sandblast         ||    51
 Armour: Skin              ||     2
  Dodge: Dodged            ||     7

Table legend: (Time is in decaauts)
 A = Elapsed time spent in this place.
 B = Non-inter-level travel time spent in this place.
 C = Inter-level travel time spent in this place.
 D = Time resting spent in this place.
 E = Time spent auto-exploring this place.
 F = Levels seen in this place.
 G = Mean time per level.
                   A        B        C        D        E       F      G
               +--------+--------+--------+--------+--------+-----+--------+
         Total |   1730 |   1685 |     45 |      0 |   1477 |   3 |  576.7 |
       Dungeon |   1730 |   1685 |     45 |      0 |   1477 |   3 |  576.7 |
               +--------+--------+--------+--------+--------+-----+--------+

Top non-repeatable levels by time:
     D:1: 879 daAuts
     D:2: 756 daAuts
     D:3: 94 daAuts
